 Dungeon Crawl Stone Soup version 0.25.0-1-g7eea58d2a3 (webtiles) character file.

Game seed: 10631082634853159226

2472019 magipi the Impregnable (level 25, 239/249 HPs)
             Began as a Minotaur Assassin on June 13, 2020.
             Was the Champion of Ru.
             Escaped with the Orb
             ... and 4 runes on June 14, 2020!
             The game lasted 05:03:35 (65613 turns).

magipi the Impregnable (Minotaur Assassin)         Turns: 65613, Time: 05:03:36

Health: 239/249    AC: 46    Str: 32      XL:     25
Magic:  32/35      EV:  8    Int: 15 (16) God:    Ru [******]
Gold:   2517       SH: 16    Dex: 14      Spells: 24/24 levels left

rFire    + . .     SeeInvis .   a - +9 broad axe (freeze)
rCold    . . .     Gourm    .   L - +2 kite shield {rPois}
rNeg     + + +     Faith    .   B - +8 orange crystal plate armour {Archmagi, Int+3 Clar}
rPois    +         Spirit   +   H - +2 hat {MR+}
rElec    +         Reflect  .   k - +4 dragonskin cloak
rCorr    .         Harm     .   q - +2 pair of gloves of the Tired Nightingales {+Inv rElec Str+7 Dex-2}
MR       ++++.     Clarity  +   N - +2 pair of boots {run} Stlth ..........Rnd*Tele +
                                r - amulet of guardian spirit
HPRegen  0.51/turn              f - ring of protection from fire
MPRegen  0.24/turn              n - ring "Dokiel" {rN++ MR+ Str+6 Int+3 Dex-3}

@: exhausted, drained, quick
A: retaliatory headbutt, horns 2, clever 1, deformed body, deterioration 1,
magic resistance 1, mutation resistance 1, inhibited regeneration, teleportitis
1, weak 1, inability to train dodging, no hexes magic, no ice magic, no
summoning magic, unskilled 1, inexperienced 1
0: Orb of Zot
}: 4/15 runes: barnacled, slimy, silver, gossamer
a: Draw Out Power, Power Leap, Apocalypse, Renounce Religion, Evoke Invisibility


You escaped.
You worshipped Ru.
Ru was exalted by your worship.
You were full.

You visited 11 branches of the dungeon, and saw 55 of its levels.
You visited the Abyss 1 time.
You also visited: Trove.

You collected 8470 gold pieces.
You spent 5953 gold pieces at shops.

Inventory:

Hand Weapons
 a - a +9 broad axe of freezing (weapon)
   (You took it off a vault guard on level 13 of the Dungeon)
Missiles
 e - 14 curare-tipped darts
 w - a throwing net
 E - 56 javelins (quivered)
 J - 95 silver javelins
Armour
 k - the +4 dragonskin cloak (worn)
   (You took it off Tiamat on level 5 of the Realm of Zot)
 q - the +2 pair of gloves of the Tired Nightingales (worn) {+Inv rElec Str+7 Dex-2}
   (You found it in a treasure trove)

   It affects your strength (+7).
   It affects your dexterity (-2).
   It insulates you from electricity.
   It lets you turn invisible.
 B - the +8 orange crystal plate armour (worn) {Archmagi, Int+3 Clar}
   (You found it on level 4 of the Dungeon)

   It affects your intelligence (+3).
   It protects you against confusion.
 H - a +2 hat of magic resistance (worn)
   (You found it in a treasure trove)
 L - a +2 kite shield of poison resistance (worn)
   (You found it in a treasure trove)
 N - a +2 pair of boots of running (worn)
   (You acquired it on level 4 of the Vaults)
Jewellery
 c - an uncursed ring of protection from cold
   (You bought it in a shop on level 1 of the Vaults)
 f - a ring of protection from fire (left hand)
   (You bought it in a shop on level 2 of the Orcish Mines)
 i - an uncursed ring of see invisible
   (You found it on level 1 of the Spider Nest)
 n - the ring "Dokiel" (right hand) {rN++ MR+ Str+6 Int+3 Dex-3}
   (You found it on level 6 of the Lair of Beasts)

   [ring of strength]

   It affects your strength (+6).
   It affects your intelligence (+3).
   It affects your dexterity (-3).
   It greatly protects you from negative energy.
   It affects your resistance to hostile enchantments.
 r - an amulet of guardian spirit (around neck)
   (You found it on level 10 of the Dungeon)
Wands
 b - a wand of iceblast (27)
   (You took it off a deep elf mage on level 2 of the Elven Halls)
 d - a wand of digging (26)
   (You took it off a centaur on level 7 of the Dungeon)
 P - a wand of enslavement (21)
   (You bought it in a shop on level 2 of the Orcish Mines)
 S - a wand of paralysis (17)
   (You found it on level 1 of the Lair of Beasts)
 T - a wand of clouds (24)
   (You found it on level 3 of the Lair of Beasts)
 X - a wand of acid (6)
   (You bought it in a shop on level 3 of the Vaults)
Scrolls
 j - 16 scrolls of identify
 m - 12 scrolls of fear
 p - 8 scrolls of blinking
 s - 5 scrolls of magic mapping
 v - 10 scrolls of fog
 K - 23 scrolls of teleportation
 O - a scroll of holy word
 R - 23 scrolls of remove curse
 V - 2 scrolls of silence
 Y - 13 scrolls of immolation
 Z - 6 scrolls of summoning
Potions
 g - 16 potions of curing
 h - 6 potions of resistance
 y - 2 potions of haste
 z - 15 potions of heal wounds
 C - 2 potions of invisibility
 D - 3 potions of mutation
 F - 6 potions of cancellation
 G - 7 potions of flight
 I - a potion of magic
 Q - 4 potions of might
 U - 3 potions of berserk rage
 W - 2 potions of ambrosia
Miscellaneous
 l - 3 phantom mirrors
 A - 2 boxes of beasts
 M - a tin of tremorstones (3/3)
   (You found it on level 3 of the Elven Halls)
Comestibles
 x - 65 rations


   Skills:
 - Level 25.0(23.1) Fighting
   Level 2.0(0.9) Short Blades
 - Level 19.7(18.3) Axes
   Level 5.3(12.8) Maces & Flails
 - Level 19.0(17.3) Throwing
 + Level 25.9(24.1) Armour
 - Level 2.9(1.8) Stealth
 - Level 15.0(13.5) Shields
 - Level 19.0(17.3) Evocations


You had 24 spell levels left.
You didn't know any spells.
Your spell library contained the following spells:

 Spells                   Type           Power        Failure   Level  Hunger
 Animate Skeleton         Necr           N/A          89%         1    ##.....
 Apportation              Tloc           #.....       89%         1    ##.....
 Foxfire                  Conj/Fire      #...         89%         1    ##.....
 Magic Dart               Conj           #...         89%         1    ##.....
 Pain                     Necr           #...         89%         1    ##.....
 Sandblast                Erth           #.....       89%         1    ##.....
 Sting                    Tmut/Pois      #...         89%         1    ##.....
 Blink                    Tloc           N/A          96%         2    ###....
 Corpse Rot               Necr/Air       N/A          96%         2    ###....
 Passwall                 Tmut/Erth      #.......     96%         2    ###....
 Poisonous Vapours        Pois/Air       #.....       96%         2    ###....
 Shroud of Golubria       Chrm/Tloc      #.....       96%         2    ###....
 Sublimation of Blood     Necr           #.........   96%         2    ###....
 Conjure Flame            Conj/Fire      #.......     99%         3    ####...
 Gell's Gravitas          Tloc           #.........   99%         3    ####...
 Ignite Poison            Fire/Tmut/Pois #.......     99%         3    ####...
 Lesser Beckoning         Tloc           #.........   99%         3    ####...
 Mephitic Cloud           Conj/Pois/Air  #.......     99%         3    ####...
 Static Discharge         Conj/Air       #.......     99%         3    ####...
 Stone Arrow              Conj/Erth      #.....       99%         3    ####...
 Teleport Other           Tloc           #.......     99%         3    ####...
 Vampiric Draining        Necr           #.........   99%         3    ####...
 Animate Dead             Necr           N/A          100%        4    #####..
 Dispel Undead            Necr           #.......     100%        4    #####..
 Olgreb's Toxic Radiance  Pois           #.......     100%        4    #####..
 Petrify                  Tmut/Erth      #.......     100%        4    #####..
 Sticky Flame             Conj/Fire      #.......     100%        4    #####..
 Agony                    Necr           #.......     100%        5    ######.
 Alistair's Intoxication  Tmut/Pois      #.......     100%        5    ######.
 Bolt of Magma            Conj/Fire/Erth #.........   100%        5    ######.
 Borgnjor's Vile Clutch   Necr/Erth      #.........   100%        5    ######.
 Excruciating Wounds      Chrm/Necr      #.........   100%        5    ######.
 Fireball                 Conj/Fire      #.........   100%        5    ######.
 Irradiate                Conj/Tmut      #.........   100%        5    ######.
 Iskenderun's Battlesphe  Conj/Chrm      #.......     100%        5    ######.
 Lee's Rapid Deconstruct  Erth           #.........   100%        5    ######.
 Lightning Bolt           Conj/Air       #.........   100%        5    ######.
 Conjure Ball Lightning   Conj/Air       #.........   100%        6    #######
 Death Channel            Necr           #.........   100%        6    #######
 Hydra Form               Tmut           #.........   100%        6    #######
 Iron Shot                Conj/Erth      #.........   100%        6    #######
 Starburst                Conj/Fire      #.........   100%        6    #######
 Statue Form              Tmut/Erth      #........    100%        6    #######
 Dragon Form              Tmut           #.........   100%        7    #######
 Orb of Destruction       Conj           #.........   100%        7    #######
 Ring of Flames           Chrm/Fire      #.........   100%        7    #######
 Borgnjor's Revivificati  Necr           #.........   100%        8    #######
 Death's Door             Chrm/Necr      #.........   100%        8    #######
 Ignition                 Fire           #.........   100%        8    #######
 Infestation              Necr           #.........   100%        8    #######
 Necromutation            Tmut/Necr      #.........   100%        8    #######
 Shatter                  Erth           #.........   100%        9    #######
 Tornado                  Air            #.........   100%        9    #######
 Corona                   Hex            Unusable     N/A         1    N/A
 Freeze                   Ice            Unusable     N/A         1    N/A
 Summon Butterflies       Summ           Unusable     N/A         1    N/A
 Summon Small Mammal      Summ           Unusable     N/A         1    N/A
 Call Imp                 Summ           Unusable     N/A         2    N/A
 Ensorcelled Hibernation  Hex/Ice        Unusable     N/A         2    N/A
 Slow                     Hex            Unusable     N/A         2    N/A
 Confusing Touch          Hex            Unusable     N/A         3    N/A
 Inner Flame              Hex/Fire       Unusable     N/A         3    N/A
 Portal Projectile        Hex/Tloc       Unusable     N/A         3    N/A
 Recall                   Summ/Tloc      Unusable     N/A         3    N/A
 Tukima's Dance           Hex            Unusable     N/A         3    N/A
 Cause Fear               Hex            Unusable     N/A         4    N/A
 Ice Form                 Ice/Tmut       Unusable     N/A         4    N/A
 Leda's Liquefaction      Hex/Erth       Unusable     N/A         4    N/A
 Passage of Golubria      Tloc           Unusable     N/A         4    N/A
 Summon Ice Beast         Ice/Summ       Unusable     N/A         4    N/A
 Summon Lightning Spire   Summ/Air       Unusable     N/A         4    N/A
 Metabolic Englaciation   Hex/Ice        Unusable     N/A         5    N/A
 Silence                  Hex/Air        Unusable     N/A         5    N/A
 Yara's Violent Unravell  Hex/Tmut       Unusable     N/A         5    N/A
 Darkness                 Hex            Unusable     N/A         6    N/A
 Freezing Cloud           Conj/Ice/Air   Unusable     N/A         6    N/A
 Invisibility             Hex            Unusable     N/A         6    N/A
 Ozocubu's Refrigeration  Ice            Unusable     N/A         6    N/A
 Shadow Creatures         Summ           Unusable     N/A         6    N/A
 Simulacrum               Ice/Necr       Unusable     N/A         6    N/A
 Haunt                    Necr/Summ      Unusable     N/A         7    N/A
 Spellforged Servitor     Conj/Summ      Unusable     N/A         7    N/A

Dungeon Overview and Level Annotations

Branches:
Dungeon (15/15)            Temple (1/1) D:4            Lair (6/6) D:8
 Shoals (4/4) Lair:3       Spider (4/4) Lair:3        Slime (5/5) Lair:5
    Orc (2/2) D:11            Elf (3/3) Orc:2        Vaults (5/5) D:13
  Crypt (0/3) Vaults:2     Depths (5/5) D:15            Zot (5/5) Depths:5

Altars:
Ashenzari
Cheibriados
Dithmenos
Elyvilon
Fedhas
Gozag
Hepliaklqana
Kikubaaqudgha
Makhleb
Nemelex Xobeh
Okawaru
Qazlal
Ru
Sif Muna
Trog
Uskayaw
Vehumet
Wu Jian
Xom
Yredelemnul
Zin
The Shining One
Beogh

Shops:
D:8 *([[   D:13 [   Orc:1 ?   Orc:2 *=[*   Elf:1 (   Elf:3 *:   Vaults:1 ((?=!
Vaults:2 !   Vaults:3 }   Depths:1 *

Portals:
Hell: Depths:1 Depths:2 Depths:3 Depths:4 Depths:5
Abyss: Depths:1 Depths:4
Pandemonium: Depths:3
Ziggurat: Depths:2

Annotations:
D:14 Roxanne
Shoals:4 Bai Suzhen
Elf:1 6 runed translucent doors
Elf:2 3 runed translucent doors
Vaults:3 1 runed translucent door, Angmar's ghost, veteran DrAE
Depths:5 3 runed translucent doors, exclusion: obsidian statue, DevastatorOne's ghost, adept HOFi
Zot:1 1 transporter
Zot:4 1 runed translucent door, Heoriaro's ghost, legendary GnFi


Innate Abilities, Weirdness & Mutations

You reflexively headbutt those who attack you in melee.
You have a pair of horns on your head.
You do not regenerate when monsters are visible.
You cannot train Dodging skill.
You cannot study or cast Hexes magic.
You cannot study or cast Ice magic.
You cannot study or cast Summoning magic.
You are somewhat unskilled. (-1 Apt)
You are somewhat inexperienced. (-2 XL)
Your mind is acute. (Int +2)
Armour fits poorly on your strangely shaped body.
Your body sometimes deteriorates upon taking damage.
You are resistant to hostile enchantments. (MR+)
You are somewhat resistant to further mutation.
You are occasionally teleported next to monsters.
You are weak. (Str -2)


Message History

Things that are here:
a +0 dagger; a +0 war axe
There is a stone staircase leading up here.
You climb upwards.
There is a stone staircase leading down here.
There is a stone staircase leading up here.
You climb upwards.
There is a stone staircase leading down here.
You see here a +0 war axe.
Found a stone staircase leading up.
HP restored.
A sixfirhy comes into view.
There is an open door here.
The sixfirhy moves out of view.
There is a stone staircase leading up here.
You climb upwards.
There is a stone staircase leading down here.
(D) Dungeon (T) Temple (L) Lair (A) Shoals (N) Spider Nest (M) Slime Pits (O) Orcish Mines (E) Elven Halls (V) Vaults (C) Crypt (U) Depths (H) Hell (Z) Zot
Where to? (Enter - D:1 @ (x,y), ? - help)
What level of the Dungeon? (default 1, ? - help)
There is a stone staircase leading up here.
You climb upwards.
There is a stone staircase leading down here.
There is a stone staircase leading up here.
You climb upwards.
There is a stone staircase leading down here.
You see here a +0 falchion.
A balrug and 4 sun demons come into view.
The balrug is wielding a +2 demon whip of venom.
Unknown command.
You're wearing all the rings you can.
Remove which one? (? for menu, Esc to cancel) < or
i - a ring of see invisible > or
n - the ring "Dokiel" {rN++ MR+ Str+6 Int+3 Dex-3} You remove your ring of see invisible.
The sun demon shouts! x2
f - a ring of protection from fire (left hand)
A kobold comes into view. It is wielding a +0 short sword.
The kobold shouts!
The balrug gestures at you.
The fireball explodes!
The fireball engulfs the sun demon.
The sun demon completely resists.
The fireball engulfs you but does no damage.
The sun demon hits you.
You are engulfed in flames.
You resist.
The balrug begins to attack, but is stunned by your will!
A lich comes into view.
Unknown command.
The balrug gestures at you. Something smites you!
The balrug begins to attack, but is stunned by your will!
The lich casts a spell.
The lich flickers and vanishes!
Deactivating autopickup; reactivate with Ctrl-A.
You redirect the balrug's attack!
You see here a +0 club.
You redirect the balrug's attack!
There is a stone staircase leading up here.
You slash the sun demon! You freeze the sun demon.
Your headbutt misses the sun demon.
The sun demon is moderately wounded.
You block the sun demon's attack.
You reveal the great annihilating truth to your foes!
You kill the sun demon!
The sun demon is paralysed by terrible understanding!
You kill the balrug!
Reactivating autopickup.
The Executioner disappears in a puff of smoke!
You feel a bit more experienced.
You feel drained.
Something says, "Thy brain shall be my mouthful!"
A Brimstone Fiend comes into view.
The Brimstone Fiend roars!
There is a stone staircase leading up here.
Unknown command.
You block the kobold's attack.
You climb upwards.
There is a stone staircase leading down here.
Unknown command.
You completely miss the kobold. You barely miss the kobold.
You headbutt the kobold.
The kobold is severely wounded.
The kobold misses you.
You slice the kobold!! You freeze the kobold.
You kill the kobold!
(D) Dungeon (T) Temple (L) Lair (A) Shoals (N) Spider Nest (M) Slime Pits (O) Orcish Mines (E) Elven Halls (V) Vaults (C) Crypt (U) Depths (H) Hell (Z) Zot
Where to? (Enter - D:1 @ (x,y), ? - help)
What level of the Dungeon? (default 1, ? - help)
Things that are here:
a +0 short sword; a kobold corpse
There is a staircase leading out of the dungeon here.
Unknown command.
Unknown command.
Unknown command.
Unknown command.
You have escaped!

............≈...#...≈.....#.##...
.........#...≈..#..≈...#....##...
####).....#..≈..#..≈..#..........
#.......#..≈.#.≈..#.......#...
#....≈...#.≈.#.≈.#...≈........
#..)..≈≈..#.≈.≈.#..≈≈.....####
#.......≈≈.#...#.≈≈...........
#.........≈.....≈.........####
#...######...@...######.......
#.........≈.....≈........#####
#.......≈≈.#...#.≈≈...........
####.....≈≈..#.≈.≈.#..≈≈.........
........≈...#.≈.#.≈.#...≈........
....#......#..≈.#.≈..#......#.##)
....#(....#..≈..#..≈..#.....#.##.
....#....#...≈..#..≈...#.........
....##......≈...#...≈............


There were no monsters in sight!

Vanquished Creatures
  the Royal Jelly (Slime:5)
  Tiamat (Zot:5)
  11 orbs of fire
  Mara (Depths:3)
  7 ancient liches
  A greater mummy (Depths:4)
  Boris (twice) (Vaults:4 Depths:5)
  3 Killer Klowns (Zot:5)
  3 caustic shrikes (Depths:5)
  2 curse toes
  16 golden dragons
  Nikola (Shoals:4)
  Jory (Vaults:3)
  3 bone dragons
  3 electric golems
  12 tentacled monstrosities
  Rupert (D:15)
  3 titans
  3 deep elf blademasters (Elf:3)
  26 Orb Guardians
  6 liches
  2 deep elf master archers (Elf:3)
  4 quicksilver dragons
  Frances (D:14)
  An Executioner (D:9)
  20 acid blobs
  6 death cobs
  A sphinx (shapeshifter) (Vaults:5)
  6 sphinxes
  Kirke (D:14)
  6 tengu reavers
  10 storm dragons
  Donald (Vaults:3)
  8 shadow dragons
  Ilsuiw (Shoals:4)
  4 draconian monks
  4 azure jellies
  9 frost giants
  9 fire giants
  4 draconian knights
  9 deep elf sorcerers
  20 vault wardens
  2 balrugs
  A frost giant (shapeshifter) (Depths:2)
  5 ghost moths
  4 iron dragons
  3 emperor scorpions
  2 draconian scorchers
  A juggernaut zombie (Depths:2)
  7 deep elf elementalists
  7 draconian shifters
  10 ironheart preservers
  7 entropy weavers
  4 draconian annihilators
  25 very ugly things
  20 stone giants
  15 green draconians
  3 vampire knights
  11 deep elf demonologists
  Nessos (D:14)
  8 black draconians
  A dire elephant (shapeshifter) (Vaults:5)
  Azrael (D:12)
  12 purple draconians
  16 deep elf annihilators
  14 white draconians
  6 yellow draconians
  6 spark wasps
  8 death oozes (Slime:5)
  7 red draconians
  16 ettins
  A crystal guardian (Vaults:2)
  7 deep elf death magi
  8 merfolk javelineers
  8 merfolk impalers
  10 fire dragons
  10 deep elf high priests
  5 rakshasas
  20 yaktaur captains
  A hell beast (Depths:5)
  16 great orbs of eyes
  The ghost of HilariousDeathArtist the Fighter, a journeyman VSBe of Trog (D:13)
  33 vault guards
  6 ice dragons
  11 hydras
  3 catoblepae
  6 spriggan air magi
  3 death knights
  4 merfolk aquamancers
  5 merfolk avatars (Shoals:4)
  41 two-headed ogres
  14 centaur warriors
  16 ogre magi
  9 deep troll shamans
  3 vampire magi
  13 dancing weapons
  6 death yaks
  5 satyrs
  A thrashing horror (Abyss:3)
  11 deep troll earth magi
  8 tengu warriors
  Sonja (Lair:2)
  6 spriggan berserkers
  21 deep elf knights
  A wretched star (Abyss:3)
  A small abomination (Elf:3)
  A sixfirhy (D:15)
  2 storm dragon zombies (Depths:4)
  A titan skeleton (Vaults:3)
  6 hell knights
  4 skeletal warriors (Vaults:2)
  3 sun demons
  The ghost of Sedillia the Spear-Bearer, a novice MfGl of Qazlal (D:7)
  3 iron trolls
  4 unseen horrors
  A spark wasp zombie (Depths:2)
  30 deep trolls
  8 sea snakes
  A swamp dragon (shapeshifter) (Vaults:3)
  22 deep elf archers
  An unseen horror (shapeshifter) (Vaults:5)
  A golden dragon zombie (Depths:4)
  9 glowing orange brains
  16 ironbrand convokers
  7 phantasmal warriors
  3 wizards
  13 orc knights
  2 flayed ghosts
  A wolf spider zombie (D:14)
  A shadow dragon zombie (Vaults:3)
  2 sphinx zombies (Depths:4)
  4 necromancers
  63 deep elf magi
  4 orc sorcerers
  51 ugly things
  2 orb spiders (shapeshifter)
  16 wolf spiders
  12 cyclopes
  24 harpies
  7 orb spiders
  A fire giant zombie (Depths:4)
  A shining eye (shapeshifter) (Vaults:4)
  26 moths of wrath
  9 fauns
  2 oklob plants (Lair:5)
  2 shining eyes
  13 manticores
  A stone giant skeleton (Depths:2)
  17 vault sentinels
  A cyclops (shapeshifter) (Vaults:5)
  3 rust devils
  7 merfolk sirens
  A spriggan zombie (Depths:4)
  3 elephants (Lair:3)
  A guardian serpent (shapeshifter) (Vaults:1)
  3 black mambas
  6 water nymphs
  A water nymph (shapeshifter) (Elf:2)
  A rime drake (shapeshifter) (Vaults:3)
  2 kobold demonologists
  A hellion (Depths:3)
  25 spiny frogs
  3 rime drakes
  12 komodo dragons
  Maggie (D:10)
  A yaktaur (shapeshifter) (Vaults:5)
  7 freezing wraiths
  3 guardian mummies (Depths:4)
  2 efreet
  64 yaktaurs
  11 demonic crawlers
  6 tengu conjurers
  A queen bee (Lair:3)
  A red devil (Depths:3)
  2 jumping spiders (shapeshifter)
  22 jumping spiders
  22 merfolk
  17 hornets
  11 trolls
  3 tyrant leeches (Lair:6)
  A polar bear (Lair:5)
  2 wind drakes (Shoals:4)
  17 blink frogs (Lair:6)
  10 snapping turtles
  A stone giant simulacrum (Vaults:3)
  12 hippogriffs
  5 dream sheep
  99 slime creatures
  An ettin zombie (Vaults:2)
  2 air elementals (Elf:2)
  74 redbacks
  An ettin skeleton (Vaults:3)
  47 yaks
  6 spriggans
  5 wraiths
  28 tarantellas
  23 water elementals
  3 fire elementals
  3 wyverns
  A hog (shapeshifter) (Vaults:4)
  7 humans (D:13)
  5 basilisks
  5 hogs (D:14)
  A golden eye (shapeshifter) (Depths:1)
  A large abomination (Abyss:3)
  9 vampire mosquitoes
  A chaos spawn (Abyss:3)
  A hungry ghost (D:11)
  A basilisk (shapeshifter) (Vaults:5)
  A warg (shapeshifter) (Vaults:2)
  5 wargs
  An acid dragon (Vaults:1)
  A soldier ant (shapeshifter) (Vaults:2)
  3 hell hounds
  A porcupine (shapeshifter) (Depths:5)
  7 water moccasins
  8 porcupines
  4 sky beasts
  3 elf zombies
  3 ice beasts
  8 necrophages
  35 orc warriors
  7 eyes of draining
  A starcursed mass (Abyss:3)
  53 ogres
  17 boggarts
  4 phantoms
  15 wolves
  23 centaurs
  An orc skeleton (Vaults:2)
  20 crocodiles
  37 bullfrogs
  5 earth elementals
  6 scorpions
  A hornet simulacrum (D:15)
  26 killer bees
  3 electric eels
  4 howler monkeys
  20 wights
  11 crimson imps
  5 centaur zombies
  2 quasits
  A bullfrog zombie (D:13)
  2 bullfrog skeletons
  5 jellies
  8 centaur skeletons
  4 human zombies (D:7)
  23 orc priests
  10 hounds
  An iron imp (Depths:4)
  4 iguanas
  Terence (D:2)
  29 orc wizards
  A hell rat (Lair:5)
  12 worker ants
  An ogre zombie (D:7)
  A hound skeleton (D:10)
  7 mummies
  Robin (D:3)
  2 worker ant zombies
  8 gnolls
  7 adders
  A howler monkey skeleton (D:10)
  3 shadow imps
  3 oozes
  2 worms
  A dart slug (D:1)
  9 leopard geckos
  95 orcs
  5 giant cockroaches
  12 hobgoblins
  9 jackals
  5 quokkas
  A ball python (D:8)
  A ball python zombie (D:5)
  9 bats
  8 frilled lizards
  18 goblins
  A jackal zombie (D:8)
  10 kobolds
  A leopard gecko skeleton (D:5)
  2 quokka skeletons
  A rat (shapeshifter) (Vaults:5)
  11 rats
  3 crawling corpses (Elf:3)
  4 fungi
  27 plants
2497 creatures vanquished.

Vanquished Creatures (collateral kills)
  2 worms (Lair:3)
2 creatures vanquished.

Vanquished Creatures (others)
  A golden dragon (Vaults:5)
  A tentacled monstrosity (Zot:3)
  A quicksilver dragon (Zot:2)
  2 ghost moths (Spider:4)
  An ironheart preserver (Vaults:1)
  An entropy weaver (Spider:3)
  A vampire knight (Depths:4)
  A stone giant (Vaults:5)
  A red draconian (Zot:1)
  A white draconian (Zot:3)
  A yellow draconian (Zot:5)
  A spark wasp (Depths:2)
  2 merfolk javelineers (Shoals:4)
  2 vault guards
  2 merfolk aquamancers
  A deep troll earth mage (Depths:5)
  A wizard (Vaults:2)
  A deep troll (Vaults:3)
  A sea snake (Shoals:4)
  2 harpies (Shoals:2)
  A manticore (Shoals:4)
  A wolf spider (Spider:4)
  A deep elf mage (Elf:1)
  An ugly thing (Vaults:2)
  A moth of wrath (Zot:5)
  A water nymph (shapeshifter) (Vaults:5)
  3 spiny frogs (Lair:6)
  2 merfolk
  A jumping spider (Spider:4)
  A slime creature (Slime:2)
  A snapping turtle (Shoals:4)
  3 redbacks
  A spriggan (Depths:5)
  A yak (Lair:6)
  2 humans (D:14)
  2 orc warriors (Vaults:1)
  An eye of draining (D:12)
  2 ogres
  A centaur (D:12)
  A mummy (Depths:4)
  An orc (D:14)
  A quokka (D:12)
  15 fungi
  78 plants
  4 tentacles (Shoals:2)
  A withered plant (Shoals:2)
153 creatures vanquished.

Grand Total: 2652 creatures vanquished

Notes
Turn   | Place    | Note
-------+----------+-------------------------------------------
     0 | D:1      | magipi the Minotaur Assassin began the quest for the Orb.
     0 | D:1      | Reached XP level 1. HP: 18/18 MP: 0/0
    95 | D:1      | Reached XP level 2. HP: 20/25 MP: 1/1
   456 | D:1      | Reached XP level 3. HP: 31/31 MP: 2/2
   938 | D:2      | Noticed Terence
   944 | D:2      | Killed Terence
   944 | D:2      | Reached XP level 4. HP: 26/38 MP: 3/3
  1509 | D:3      | Reached XP level 5. HP: 44/46 MP: 4/4
  1602 | D:3      | Reached skill level 1 in Armour
  1603 | D:3      | Noticed Robin
  1627 | D:3      | Killed Robin
  1648 | D:3      | You fall into a shaft and drop 3 floors!
  1809 | D:5      | Entered Level 5 of the Dungeon
  1812 | D:5      | Noticed a water moccasin
  1820 | D:5      | Noticed an ogre
  1824 | D:5      | Killed a water moccasin
  1824 | D:5      | Reached XP level 6. HP: 35/52 MP: 5/5
  2173 | D:5      | Reached skill level 5 in Throwing
  2422 | D:5      | Reached XP level 7. HP: 55/60 MP: 6/6
  2649 | D:4      | Found the +8 orange crystal plate armour {Archmagi, Int+3
                  | Clar}
  2957 | D:4      | Found a staircase to the Ecumenical Temple.
  2971 | Temple   | Entered the Ecumenical Temple
  3056 | Temple   | Became a worshipper of Ru the Awakened
  3140 | D:4      | Reached skill level 5 in Fighting
  3629 | D:5      | Found an ornate altar of the Wu Jian Council.
  3698 | D:5      | Reached skill level 1 in Maces & Flails
  3698 | D:5      | Reached XP level 8. HP: 62/69 MP: 7/7
  4444 | D:6      | Reached skill level 5 in Dodging
  4612 | D:6      | Reached skill level 5 in Armour
  4668 | D:5      | Gained mutation: You cannot train Dodging skill. [Ru
                  | sacrifice]
  4668 | D:5      | Reached * piety under Ru
  4833 | D:6      | Reached XP level 9. HP: 76/78 MP: 8/8
  4909 | D:6      | Identified the +4 dagger "Eta Myqov" {vorpal, Str+3 Int+4
                  | Dex+3 SInv}
  5429 | D:7      | Reached skill level 5 in Maces & Flails
  5435 | D:7      | Found a basalt altar of Yredelemnul.
  5896 | D:7      | Gained mutation: You are somewhat unskilled. (-1 Apt) [Ru
                  | sacrifice]
  5896 | D:7      | Reached ** piety under Ru
  5896 | D:7      | Reached *** piety under Ru
  5918 | D:7      | Found a runed translucent door.
  5919 | D:7      | Noticed a five-headed hydra
  5919 | D:7      | Noticed Sedillia's ghost (novice MfGl)
  6289 | D:7      | Reached XP level 10. HP: 65/86 MP: 9/9
  6479 | D:8      | Found Mofuac's Assorted Antiques.
  6531 | D:8      | Killed an unseen horror
  6624 | D:8      | Found Meutur's Antique Weapon Shoppe.
  6663 | D:8      | Found Selepir's Assorted Antiques.
  6685 | D:8      | Bought a scratched peridot ring for 125 gold pieces
  6685 | D:8      | Bought a scroll of identify for 50 gold pieces
  6685 | D:8      | Bought a scroll of teleportation for 75 gold pieces
  6685 | D:8      | Bought a fuming pink potion for 22 gold pieces
  6833 | D:8      | Found Fiaqist's Armour Boutique.
  7059 | D:8      | Found a staircase to the Lair.
  7165 | D:8      | Found Viyfupp's Armour Shop.
  7341 | D:9      | Reached skill level 5 in Axes
  7355 | D:9      | You fall into a shaft and drop 3 floors!
  7363 | D:12     | Noticed Azrael
  7597 | D:10     | Entered Level 10 of the Dungeon
  7644 | D:9      | Found an iron altar of Okawaru.
  7707 | D:9      | Noticed a two-headed ogre
  7720 | D:9      | Killed a two-headed ogre
  7760 | D:9      | Gained mutation: You are somewhat inexperienced. (-2 XL)
                  | [Ru sacrifice]
  7760 | D:9      | Reached XP level 9. HP: 82/82 MP: 8/8
  7760 | D:9      | Reached XP level 8. HP: 75/75 MP: 7/7
  7760 | D:9      | Reached **** piety under Ru
  7760 | D:9      | Reached ***** piety under Ru
  7820 | D:9      | Reached XP level 9. HP: 82/82 MP: 8/8
  8115 | D:9      | Found a shimmering blue altar of Sif Muna.
  8312 | D:10     | Found an iron altar of Okawaru.
  8413 | D:10     | Noticed Maggie
  8433 | D:10     | Found a portal to a secret trove of treasure.
  8435 | D:10     | Killed Maggie
  8700 | D:10     | Noticed a kobold demonologist
  8700 | D:10     | Noticed an efreet
  8705 | D:10     | Noticed an ice devil
  8712 | D:10     | Killed a kobold demonologist
  8718 | D:10     | Killed an efreet
  8718 | D:10     | Reached XP level 10. HP: 56/91 MP: 9/9
  9210 | D:10     | Killed an unseen horror
  9439 | D:10     | Identified the +4 morningstar of Alidug {drain, rN+ MR+++
                  | Int+4 Dex-2}
  9560 | D:10     | Gained mutation: You cannot study or cast Ice magic. [Ru
                  | sacrifice]
  9560 | D:10     | Gained mutation: You cannot study or cast Hexes magic. [Ru
                  | sacrifice]
  9560 | D:10     | Gained mutation: You cannot study or cast Summoning magic.
                  | [Ru sacrifice]
  9722 | D:11     | Noticed a brown ugly thing
  9746 | D:11     | Killed a brown ugly thing
 10145 | D:11     | Reached skill level 10 in Throwing
 10233 | D:11     | Reached XP level 11. HP: 92/97 MP: 10/10
 10401 | D:11     | Found a staircase to the Orcish Mines.
 10643 | D:11     | Found a roughly hewn altar of Beogh.
 10916 | Orc:1    | Entered Level 1 of the Orcish Mines
 11048 | Orc:1    | Reached skill level 10 in Fighting
 11057 | Orc:1    | Noticed an ogre mage
 11074 | D:11     | Gained mutation: You do not regenerate when monsters are
                  | visible. [Ru sacrifice]
 11074 | D:11     | Reached ****** piety under Ru
 11174 | Orc:1    | Killed an ogre mage
 11606 | Orc:1    | Found Boteoh's Magic Scroll Boutique.
 11617 | Orc:1    | Bought a scroll of magic mapping for 56 gold pieces
 11818 | D:8      | Bought a +1 buckler of cold resistance for 247 gold pieces
 11937 | Orc:2    | Entered Level 2 of the Orcish Mines
 11946 | Orc:2    | Reached skill level 1 in Shields
 12039 | Orc:2    | Found a roughly hewn altar of Beogh.
 12259 | Orc:2    | Noticed an orc knight
 12281 | Orc:2    | Noticed an orc sorcerer
 12288 | Orc:2    | Killed an orc knight
 12293 | Orc:2    | Killed an orc sorcerer
 12293 | Orc:2    | Reached skill level 10 in Axes
 12619 | Orc:2    | Found a staircase to the Elven Halls.
 12619 | Orc:2    | Found Wamaz's Antique Armour Boutique.
 12620 | Orc:2    | Noticed a two-headed ogre
 12621 | Orc:2    | Noticed a two-headed ogre
 12621 | Orc:2    | Noticed an ogre mage
 12621 | Orc:2    | Noticed a two-headed ogre
 12621 | Orc:2    | Noticed a two-headed ogre
 12621 | Orc:2    | Noticed a two-headed ogre
 12623 | Orc:2    | Killed a two-headed ogre
 12623 | Orc:2    | Reached skill level 1 in Evocations
 12623 | Orc:2    | Killed a two-headed ogre
 12623 | Orc:2    | Killed a two-headed ogre
 12623 | Orc:2    | Reached XP level 12. HP: 107/107 MP: 10/12
 12623 | Orc:2    | Killed a two-headed ogre
 12623 | Orc:2    | Reached skill level 10 in Armour
 12624 | Orc:2    | Killed an ogre mage
 12624 | Orc:2    | Noticed a two-headed ogre
 12624 | Orc:2    | Noticed a two-headed ogre
 12635 | Orc:2    | Killed a two-headed ogre
 12641 | Orc:2    | Killed a two-headed ogre
 12644 | Orc:2    | Noticed a two-headed ogre
 12651 | Orc:2    | Killed a two-headed ogre
 12804 | Orc:2    | Killed a two-headed ogre
 12903 | Orc:2    | Found Icaolaob's General Store.
 12910 | Orc:2    | Noticed an ogre mage
 12911 | Orc:2    | Found Sabont's Assorted Antiques.
 12920 | Orc:2    | Killed an ogre mage
 13185 | Orc:2    | Noticed a stone giant
 13206 | Orc:2    | Killed a stone giant
 13243 | Orc:2    | Found Hug Nar's Jewellery Shop.
 13308 | Orc:2    | Bought a runed silver wand for 148 gold pieces
 13314 | Orc:2    | Bought a scroll of identify for 20 gold pieces
 13314 | Orc:2    | Bought a scroll of teleportation for 30 gold pieces
 13322 | Orc:2    | Bought a pair of glowing boots for 285 gold pieces
 13343 | Orc:2    | Bought a potion of heal wounds for 185 gold pieces
 13343 | Orc:2    | Bought a potion of curing for 111 gold pieces
 13582 | Lair:1   | Entered Level 1 of the Lair of Beasts
 13791 | Lair:1   | Noticed a four-headed hydra
 13801 | Lair:1   | Killed a four-headed hydra
 13841 | Lair:1   | Noticed a five-headed hydra
 13844 | Lair:1   | Killed a five-headed hydra
 14126 | D:10     | You paid a toll of 6 scrolls of fear to enter a treasure
                  | trove
 14127 | Trove    | Entered a treasure trove
 14130 | Trove    | Found the +3 salamander hide armour {+Rage rF++}
 14263 | Trove    | Identified the +2 pair of gloves of the Tired Nightingales
                  | {+Inv rElec Str+7 Dex-2} (You found it in a treasure trove)
 14282 | Trove    | Got a slimy hat
 14283 | Trove    | Identified the +0 hat of Darkness {Harm rC+++ Regen+ Str-2}
                  | (You found it in a treasure trove)
 14285 | Trove    | Got a jewelled plate armour
 14355 | Trove    | Got a bloodstained scale mail
 14581 | Lair:2   | Reached XP level 13. HP: 116/116 MP: 15/15
 14615 | Lair:2   | Noticed Sonja
 14627 | Lair:2   | Killed Sonja
 14816 | Lair:2   | Reached skill level 5 in Shields
 15528 | Lair:3   | Found a hole to the Spider Nest.
 15632 | Lair:3   | Got a smouldering scale mail
 15674 | Lair:3   | Found a staircase to the Shoals.
 16407 | Lair:4   | Identified the +1 plate armour "Peol" {Dex+2} (You found it
                  | in a treasure trove)
 16439 | Lair:4   | Reached skill level 10 in Shields
 16827 | Lair:5   | Reached skill level 5 in Evocations
 16827 | Lair:5   | Reached XP level 14. HP: 123/125 MP: 16/16
 17126 | Lair:5   | Found a staircase to the Slime Pits.
 17209 | Lair:6   | Entered Level 6 of the Lair of Beasts
 18239 | Lair:6   | Got a twitching tin ring
 18240 | Lair:6   | Identified the ring "Dokiel" {rN++ MR+ Str+6 Int+3 Dex-3}
                  | (You found it on level 6 of the Lair of Beasts)
 18475 | D:7      | Killed Sedillia's ghost
 18795 | D:12     | Killed Azrael
 19049 | D:12     | Identified the +7 scale mail "Cosuhuod" {-Tele rPois Slay+2
                  | Stlth+} (You found it on level 3 of the Lair of Beasts)
 19105 | D:12     | Identified the cursed +0 scale mail "Ximenn" {rElec rC+ MR+
                  | MP+9 Str+6} (You found it in a treasure trove)
 19297 | D:13     | Reached XP level 15. HP: 117/134 MP: 15/19
 19371 | D:13     | Found a burning altar of Makhleb.
 19719 | D:13     | Found a blossoming altar of Fedhas.
 19929 | D:13     | Found a runed translucent door.
 19933 | D:13     | Noticed HilariousDeathArtist's ghost (journeyman VSBe)
 20203 | D:13     | Found a gate to the Vaults.
 20282 | D:13     | Found Rifao's Armour Shoppe.
 20545 | D:14     | Noticed Kirke
 20561 | D:14     | Killed Kirke
 20670 | D:14     | Identified Roxanne's Disquisition on Transformation
 20670 | D:14     | Noticed Roxanne
 20670 | D:14     | Noticed Frances
 20696 | D:14     | Killed Frances
 20739 | D:14     | Noticed Nessos
 20748 | D:14     | Killed Nessos
 21125 | D:15     | Entered Level 15 of the Dungeon
 21346 | D:15     | Noticed Rupert
 21370 | D:15     | Killed Rupert
 21544 | D:15     | Reached skill level 10 in Evocations
 21667 | D:15     | Found a staircase to the Depths.
 21732 | D:15     | Found a glowing golden altar of the Shining One.
 22053 | Orc:2    | Bought an uncursed ring of protection from fire for 400
                  | gold pieces
 22257 | Shoals:1 | Entered Level 1 of the Shoals
 22844 | Shoals:2 | Reached XP level 16. HP: 133/143 MP: 21/23
 23524 | Shoals:2 | Noticed a kraken
 24225 | Shoals:4 | Entered Level 4 of the Shoals
 24480 | Shoals:4 | Noticed Nikola
 24501 | Shoals:4 | Killed Nikola
 24702 | Shoals:4 | Identified the +4 plate armour of Iddeej {rN+} (You found
                  | it on level 4 of the Shoals)
 25528 | Shoals:4 | Got a barnacled rune of Zot
 25654 | Shoals:4 | Noticed Ilsuiw
 25658 | Shoals:4 | Reached XP level 17. HP: 120/149 MP: 19/25
 25665 | Shoals:4 | Killed Ilsuiw
 26008 | Shoals:4 | Identified the cursed +1 scale mail of Greed {*Slow Str+4
                  | Dex+2}
 26045 | Shoals:4 | Noticed Bai Suzhen
 26764 | Spider:1 | Entered Level 1 of the Spider Nest
 28460 | Spider:4 | Entered Level 4 of the Spider Nest
 29420 | Spider:4 | Reached skill level 15 in Axes
 30150 | Spider:4 | Paralysed by a hornet for 3 turns
 30158 | Spider:4 | Got a gossamer rune of Zot
 30190 | Spider:4 | Reached XP level 18. HP: 149/157 MP: 0/26
 30507 | Elf:1    | Entered Level 1 of the Elven Halls
 31106 | Elf:1    | Found a runed translucent gate.
 31106 | Elf:1    | Found a runed translucent gate.
 31106 | Elf:1    | Found a runed translucent gate.
 31106 | Elf:1    | Found a runed translucent gate.
 31106 | Elf:1    | Found a runed translucent gate.
 31107 | Elf:1    | Found a runed translucent gate.
 31740 | Elf:1    | Found Feiptof's Antique Weapon Shoppe.
 32250 | Elf:2    | Found a runed translucent gate.
 32268 | Elf:2    | Found a runed translucent gate.
 32270 | Elf:2    | Found a runed translucent gate.
 32683 | Elf:3    | Entered Level 3 of the Elven Halls
 32720 | Elf:3    | Noticed an Ice Fiend
 32751 | Elf:3    | Found Poygeno's Assorted Antiques.
 32800 | Elf:3    | Bought a potion of haste for 310 gold pieces
 32800 | Elf:3    | Bought a scroll of teleportation for 93 gold pieces
 33117 | Elf:3    | Found Ziawerr's Book Boutique.
 33870 | Elf:3    | Reached XP level 19. HP: 145/163 MP: 25/27
 34046 | Elf:3    | Identified the +10 rapier of Broken Luck {vorpal, rElec
                  | rPois Stlth+}
 34695 | Elf:3    | Identified the +3 robe of the Dragon {rF+++ rC- Int-3
                  | Slay+6}
 34889 | Elf:3    | Reached skill level 15 in Shields
 35328 | Elf:3    | Identified the Almanac of Enthralling Dislocation
 35591 | D:13     | Killed HilariousDeathArtist's ghost
 35657 | Vaults:1 | Entered Level 1 of the Vaults
 35751 | Vaults:1 | Reached skill level 15 in Throwing
 36601 | Vaults:1 | Reached XP level 20. HP: 171/171 MP: 28/28
 36841 | Vaults:1 | Identified the cursed +0 robe of Wu Jian's Condemnation
                  | {rPois}
 37031 | Vaults:1 | Found Usitats's Antique Weapon Shop.
 37127 | Vaults:1 | Found Zuodomof's Magic Scroll Boutique.
 37178 | Vaults:1 | Found Wigony's Jewellery Shop.
 37179 | Vaults:1 | Found Velin's Distillery.
 37191 | Vaults:1 | Bought a potion of curing for 54 gold pieces
 37191 | Vaults:1 | Bought a potion of heal wounds for 90 gold pieces
 37191 | Vaults:1 | Bought a potion of heal wounds for 90 gold pieces
 37191 | Vaults:1 | Bought a potion of curing for 54 gold pieces
 37194 | Vaults:1 | Bought an uncursed ring of protection from cold for 400
                  | gold pieces
 37218 | Vaults:1 | Found Rodem's Antique Weapon Boutique.
 37731 | Vaults:2 | Found a staircase to the Crypt.
 37731 | Vaults:2 | Found an ancient bone altar of Kikubaaqudgha.
 37732 | Vaults:2 | Found a basalt altar of Yredelemnul.
 37900 | Vaults:2 | Found Telonwuv's Distillery.
 38733 | Vaults:3 | Noticed Jory
 38747 | Vaults:3 | Killed Jory
 39167 | Vaults:3 | Found Anofra's Gadget Boutique.
 39189 | Vaults:3 | Bought a wand of acid (10) for 420 gold pieces
 39610 | Vaults:3 | Noticed Donald
 39621 | Vaults:3 | Killed Donald
 40269 | Vaults:3 | Found a runed translucent door.
 40271 | Vaults:3 | Noticed Angmar's ghost (veteran DrAE)
 40915 | Vaults:4 | Reached XP level 21. HP: 172/181 MP: 28/30
 41204 | Vaults:4 | Reached skill level 15 in Evocations
 41571 | Vaults:4 | Noticed Boris
 41592 | Vaults:4 | Killed Boris
 41924 | Vaults:4 | Noticed a golden dragon
 41931 | Vaults:4 | Killed a golden dragon
 42304 | Vaults:4 | Identified a scroll of acquirement
 42317 | Vaults:4 | Identified a +0 pair of boots of running (You acquired it
                  | on level 4 of the Vaults)
 42472 | Vaults:1 | Bought a scroll of enchant armour for 135 gold pieces
 42472 | Vaults:1 | Bought a scroll of identify for 36 gold pieces
 42472 | Vaults:1 | Bought a scroll of identify for 36 gold pieces
 42673 | Depths:1 | Entered Level 1 of the Depths
 42800 | Depths:1 | Found a runed translucent door.
 42800 | Depths:1 | Noticed a golden dragon
 42854 | Depths:1 | Killed a golden dragon
 43346 | Depths:1 | Found a gateway to Hell.
 43550 | Depths:1 | Found Neiv's Elemental Accessories.
 43717 | Depths:1 | Found a one-way gate to the infinite horrors of the Abyss.
 43800 | Depths:1 | You fall into a shaft and drop 1 floor!
 43866 | Depths:2 | Reached XP level 22. HP: 129/190 MP: 24/33
 44033 | Depths:2 | Found a gateway to a ziggurat.
 44864 | Depths:2 | Reached skill level 15 in Fighting
 44871 | Depths:2 | Reached skill level 15 in Armour
 45481 | Depths:3 | Noticed Mara
 45936 | Depths:3 | Noticed magipi's illusion
 45938 | Depths:3 | Killed Mara
 45961 | Depths:3 | Found a one-way gate leading to the halls of Pandemonium.
 46734 | Depths:3 | Noticed a golden dragon
 46746 | Depths:3 | Killed a golden dragon
 47064 | Depths:4 | Reached XP level 23. HP: 169/202 MP: 27/34
 48039 | Depths:4 | Noticed a greater mummy
 48054 | Depths:4 | Killed a greater mummy
 48506 | Depths:5 | Entered Level 5 of the Depths
 49274 | Depths:5 | Noticed Boris
 49305 | Depths:5 | Killed Boris
 49669 | Depths:5 | Noticed a caustic shrike
 49681 | Depths:5 | Killed a caustic shrike
 49690 | Depths:5 | Noticed a caustic shrike
 49693 | Depths:5 | Noticed a caustic shrike
 49709 | Depths:5 | Killed a caustic shrike
 49720 | Depths:5 | Killed a caustic shrike
 50512 | Depths:5 | Found a gate to the Realm of Zot.
 50711 | Depths:5 | Found a runed translucent gate.
 50711 | Depths:5 | Found an opulent altar of Gozag.
 50712 | Depths:5 | Found a runed translucent gate.
 50712 | Depths:5 | Found a runed translucent gate.
 50712 | Depths:5 | Noticed DevastatorOne's ghost (adept HOFi)
 51359 | Elf:3    | Bought a manual of Armour for 1435 gold pieces
 51437 | Orc:1    | Bought a scroll of enchant armour for 120 gold pieces
 51437 | Orc:1    | Bought 2 scrolls of magic mapping for 112 gold pieces
 51437 | Orc:1    | Bought a scroll of fear for 56 gold pieces
 51437 | Orc:1    | Bought a scroll of immolation for 56 gold pieces
 51640 | Slime:1  | Entered Level 1 of the Pits of Slime
 51953 | Slime:2  | Reached XP level 24. HP: 211/216 MP: 33/35
 52466 | Slime:5  | Entered Level 5 of the Pits of Slime
 52527 | Slime:5  | Noticed the Royal Jelly
 52538 | Slime:5  | Killed the Royal Jelly
 53421 | Slime:5  | Got a slimy rune of Zot
 53499 | Slime:5  | Identified the +0 buckler of Trumpets {Str+3} (You found it
                  | on level 5 of the Pits of Slime)
 53863 | Vaults:1 | Bought a scroll of magic mapping for 63 gold pieces
 53863 | Vaults:1 | Bought a scroll of fear for 63 gold pieces
 53863 | Vaults:1 | Bought a scroll of teleportation for 54 gold pieces
 53863 | Vaults:1 | Bought a scroll of teleportation for 54 gold pieces
 53885 | Vaults:1 | Bought a potion of resistance for 180 gold pieces
 53885 | Vaults:1 | Bought 2 potions of curing for 108 gold pieces
 53885 | Vaults:1 | Bought a potion of resistance for 180 gold pieces
 54011 | Vaults:5 | Entered Level 5 of the Vaults
 55042 | Vaults:5 | Identified the cursed +1 acid dragon scales of Summer {rF+
                  | rCorr}
 55048 | Vaults:5 | Reached XP level 25. HP: 148/225 MP: 18/35
 55372 | Vaults:5 | Identified the +7 scythe of the Scavenger {vorpal, +Fly rF-
                  | Dex+6}
 55508 | Vaults:5 | Got a silver rune of Zot
 55674 | Vaults:5 | Identified the +8 arbalest "Myhilany" {vorpal, Str+4}
 55703 | Vaults:5 | Identified a ring of the Octopus King {rF+ AC+1 EV+1 Str+1
                  | Int+1 Dex+1}
 55938 | Vaults:5 | Identified the +2 long sword of Understanding {elec, rPois
                  | Int+2 Dex+2}
 56024 | Vaults:5 | Identified the +5 war axe of Obsession {vorpal, +Rage MR+
                  | SInv}
 56063 | Vaults:5 | Identified the +7 morningstar of Famine {pain, rElec rF+
                  | Int+2}
 56583 | Vaults:5 | Identified the ring of the Suburbs {MP+9 Str+7 Int+3 Dex-2}
 56588 | Vaults:5 | Cast into level 2 of the Abyss (deep elf mage)
 56686 | Vaults:5 | Escaped the Abyss
 56780 | Vaults:5 | Noticed an ancient lich
 56786 | Vaults:5 | Killed an ancient lich
 56953 | Vaults:5 | Identified the +2 helmet of Xirgh {*Contam Str+5} (You
                  | found it on level 5 of the Vaults)
 57072 | Vaults:5 | Identified the Catalogue of Combat Magic and the Glacier
 57912 | Zot:1    | Entered Level 1 of the Realm of Zot
 57949 | Zot:1    | Found a transporter.
 58516 | Zot:1    | Noticed an orb of fire
 58525 | Zot:1    | Gained mutation: You are frail. (-10% HP) [an orb of fire]
 58961 | Zot:1    | Gained mutation: Armour fits poorly on your strangely
                  | shaped body. [an orb of fire]
 58965 | Zot:1    | Killed an orb of fire
 58980 | Zot:1    | Found a transporter.
 59027 | Zot:1    | Got the ring "Xopofiracu" {rPois rN+ Int-5 Dex+3}
 59201 | Zot:2    | Noticed an orb of fire
 59208 | Zot:2    | Gained mutation: You tend to lose your temper in combat.
                  | [an orb of fire]
 59212 | Zot:2    | Killed an orb of fire
 59216 | Zot:2    | Lost mutation: You are frail. (-10% HP) [potion of
                  | mutation]
 59216 | Zot:2    | Lost mutation: You tend to lose your temper in combat.
                  | [potion of mutation]
 59216 | Zot:2    | Gained mutation: You are resistant to hostile enchantments.
                  | (MR+) [potion of mutation]
 59216 | Zot:2    | Gained mutation: You are somewhat resistant to further
                  | mutation. [potion of mutation]
 59583 | Zot:2    | Noticed an orb of fire
 59591 | Zot:2    | Gained mutation: You are weak. (Str -2) [an orb of fire]
 59598 | Zot:2    | Killed an orb of fire
 62121 | Zot:4    | Found a runed translucent door.
 62514 | Zot:4    | Noticed Heoriaro's ghost (legendary GnFi)
 62576 | Zot:5    | Entered Level 5 of the Realm of Zot
 62602 | Zot:5    | Identified the +4 dragonskin cloak
 62602 | Zot:5    | Noticed Tiamat
 62807 | Zot:5    | Noticed an orb of fire
 62981 | Zot:5    | Killed Tiamat
 63273 | Zot:5    | Gained mutation: Your mind is acute. (Int +2) [an orb of
                  | fire]
 63274 | Zot:5    | Killed an orb of fire
 63313 | Zot:5    | Noticed an orb of fire
 63319 | Zot:5    | Noticed an orb of fire
 63322 | Zot:5    | Noticed an orb of fire
 63323 | Zot:5    | Killed an orb of fire
 63325 | Zot:5    | Noticed an ancient lich
 63327 | Zot:5    | Killed an orb of fire
 63328 | Zot:5    | Killed an orb of fire
 63328 | Zot:5    | Noticed an orb of fire
 63332 | Zot:5    | Noticed an orb of fire
 63333 | Zot:5    | Killed an orb of fire
 63333 | Zot:5    | Noticed an orb of fire
 63338 | Zot:5    | Noticed an orb of fire
 63347 | Zot:4    | Killed an ancient lich
 63350 | Zot:4    | Gained mutation: Your body sometimes deteriorates upon
                  | taking damage. [an orb of fire]
 63356 | Zot:4    | Gained mutation: You are occasionally teleported next to
                  | monsters. [an orb of fire]
 63358 | Zot:4    | Killed an orb of fire
 63514 | Zot:5    | Killed an orb of fire
 63516 | Zot:5    | Killed an orb of fire
 63522 | Zot:5    | Noticed a Killer Klown
 63640 | Zot:5    | Noticed a Killer Klown
 63653 | Zot:5    | Killed a Killer Klown
 63654 | Zot:5    | Killed a Killer Klown
 63721 | Zot:5    | Noticed an ancient lich
 63736 | Zot:5    | Killed an ancient lich
 63992 | Zot:5    | Noticed an ancient lich
 64003 | Zot:5    | Killed an ancient lich
 64068 | Zot:5    | Noticed a Killer Klown
 64079 | Zot:5    | Killed a Killer Klown
 64132 | Zot:5    | Noticed an ancient lich
 64136 | Zot:5    | Killed an ancient lich
 64334 | Zot:5    | Noticed an ancient lich
 64347 | Zot:5    | Killed an ancient lich
 64379 | Zot:5    | Noticed an ancient lich
 64392 | Zot:5    | Killed an ancient lich
 65060 | Zot:5    | Got the Orb of Zot
 65099 | Zot:5    | Noticed Juvadoz the pandemonium lord
 65353 | D:14     | Noticed Ykasuxeu the pandemonium lord
 65613 | D:$      | Escaped with the Orb!

Illustrated notes

Levels and vault maps discovered:
D:1:      minmay_arrival_radiant_lines, layout_basic
D:2:      layout_rooms, chequers_serial_rivers_micro_b, nrook_mini_backslash,
          uniq_terence
D:3:      layout_basic, first_ration, nrook_uturn, uniq_robin
D:4:      layout_cave_pods, minmay_temple_entry_trees
D:5:      layout_basic, basic_altar
D:6:      layout_cave_pods, minmay_chambers_of_fives
D:7:      layout_basic, lemuel_mausoleum_altar_yredelemnul,
          ebering_ghost_inner_flame
D:8:      layout_rooms, minmay_lair_entry_grove, serial_shops,
          nicolae_shop_crystal, shop, shop_fountains, nicolae_shop_behind_doors,
          nicolae_shop_temple_entry_statues_fountains, the_bakery
D:9:      kennysheep_orc_sif_temple, layout_loops_ring, okawaru_trees_1
D:10:     minmay_tri_box, layout_basic, basic_altar, enter_trove_2, uniq_maggie
D:11:     layout_long_grid, minmay_orc_entry_temple_small, minmay_holes,
          minmay_misc_feat_doors
D:12:     kennysheep_six_static_rooms, layout_long_grid, uniq_azrael
D:13:     layout_long_grid, ximxim_vaults_locker_room, basic_altar,
          serial_shops, shop, ebering_ghost_reflecting_pool,
          corexii_checkpoint_a, fedhas_altar_4
D:14:     layout_roguey, minmay_misc_feat_four_crosses, uniq_roxanne,
          uniq_nessos, uniq_snorg, uniq_frances, uniq_kirke
D:15:     grunt_enter_depths_hoard, layout_loops_cross,
          nicolae_tso_carved_into_rock, uniq_rupert
Temple:   nicolae_temple_the_god_donut
Lair:1:   layout_gridlike, hibernation_bobbens
Lair:2:   layout_cave_shapes, grunt_megastairs_4, uniq_sonja
Lair:3:   layout_small_grid, minmay_shoals_entry_beasts,
          nicolae_spider_entry_non_spiders, special_room [special_room_bee]
Lair:4:   layout_regular_city, roderic_carrion_pond
Lair:5:   layout_misc_corridors, slime_dummy, beast_lair_carwin_7,
          minmay_lair_oklob_chamber, serial_bayou_shore_b, serial_bayou_shore_a
Lair:6:   minmay_lair_end_frog_pond, layout_loops_ring
Shoals:1: layout_shoals
Shoals:2: layout_shoals, argonaut_gorgonesque
Shoals:3: layout_shoals
Shoals:4: shoals_end_simple, layout_shoals, shoals_ilsuiw_alternative,
          uniq_nikola, uniq_bai_suzhen
Spider:1: layout_spider_delve
Spider:2: layout_spider_delve
Spider:3: layout_spider_delve, nicolae_spider_cling_halls
Spider:4: spider_rune_water
Slime:1:  layout_caves
Slime:2:  layout_caves, cheibrodos_slime_lost_civilization_5
Slime:3:  layout_caves, nicolae_slime_welcoming_committee
Slime:4:  layout_caves
Slime:5
Orc:1:    layout_caves, serial_shops, shop, mines4_lemuel
Orc:2:    st_orc_open, layout_diamond_mine, basic_altar
Elf:1:    minmay_elf_arrival_plus, layout_geoelf_grid, serial_shops, shop,
          orc_legates, minmay_misc_feat_five
Elf:2:    layout_loops_corners, serial_glass, glass_columns_a, glass_columns_b,
          glass_columns_a, glass_columns_a, glass_columns_a, glass_columns_a,
          glass_columns_b, glass_columns_a, glass_columns_b, glass_columns_c,
          glass_columns_c, glass_columns_a, glass_columns_c, glass_columns_b,
          drop_trap, uniq_agnes, uniq_saint_roka
Elf:3:    nooodl_elf_gasket, layout_loops_cross, serial_shops,
          nicolae_shop_statue_plus, shop,
          nicolae_elf_glass_and_crystal_pillar_2,
          nicolae_elf_glass_and_crystal_pillar_2
Vaults:1: vaults_dpeg_doors, v_pattern_5, nicolae_vaults_little_squares_6,
          vaults_mumra_hex, nicolae_vaults_big_ls, ontoclasm_vaults_eye,
          vaults_dpeg_hooks, hangedman_vaults_capsules, ontoclasm_vaults_bender,
          ontoclasm_vaults_decontamination, vaults_room_grunt_arrival_ludios,
          v_misc_23, layout_vaults_big_cross, serial_shops, nicolae_shop_stone,
          shop, shop, shop, nicolae_shop_crystal
Vaults:2: minmay_crypt_entry_necro_gods, hangedman_vaults_locks, v_misc_10,
          nicolae_vaults_shelves_hall, nicolae_vaults_little_ls, v_misc_27,
          nicolae_vaults_little_squares_6, ontoclasm_vaults_hangar,
          vaults_room_fours, nicolae_vaults_rhombus_7, layout_vaults_omnigrid,
          serial_shops, shop
Vaults:3: gammafunk_vaults_ghost_grave, nicolae_vaults_know_your_exits,
          v_rooms_4, v_misc_13, vaults_mumra_lcd, ontoclasm_vaults_ring_small,
          vaults_room_fours, grunt_vaults_hallway_short, vaults_room_pools,
          ontoclasm_vaults_twist, hangedman_vaults_stretched_pinwheel,
          layout_vaults_chaotic_city, serial_shops, nicolae_shop_stone,
          uniq_donald, uniq_jory
Vaults:4: v_misc_23, v_misc_3, hangedman_vaults_stream, grunt_vaults_twisty,
          v_misc_2, hangedman_vaults_impose, vaults_room_stairs_pillars,
          v_pattern_3, v_misc_25, st_cross, hangedman_vaults_nails,
          ontoclasm_vaults_claustrophobia, ontoclasm_vaults_ring_small,
          v_misc_15, layout_vaults_omnibox, uniq_boris
Vaults:5
Depths:1: layout_gridlike, pf_coc_iceberg, abyss_entry, moated_statue,
          nicolae_elemental_shop, minmay_hidden_floor
Depths:2: cheibrodos_salmonella, layout_cave_shapes, enter_ziggurat_b,
          minmay_misc_feat_square, lightli_too_deep, serial_bayou_lake_a
Depths:3: minmay_blocking_statues, layout_twisted_cross, rand_demon_pan_entry_5,
          hell_entry, minmay_door_square, uniq_mara
Depths:4: lemuel_minitomb, layout_gridlike, nicolae_lava_and_water,
          grunt_hell_entry_dis_grunt, abyss_entry
Depths:5: evilmike_zot_entry_diamond, layout_long_grid, hell_entry,
          minmay_misc_feat_chi, ebering_ghost_gozag
Zot:1:    gammafunk_dig_for_victory, layout_basic, zot_minivault_4
Zot:2:    layout_basic, st_stairs_1
Zot:3:    layout_basic, st_stairs_6, grunt_megastairs_1
Zot:4:    kennysheep_blocky_hall, layout_twisted_circle,
          ebering_ghost_reflecting_pool
Zot:5:    layout_basic, st_stairs_3, drop_trap, uniq_tiamat

Skill      XL: |  1  2  3  4  5  6  7  8  9 10 11 12 13 14 15 16 17 18 19 20 21 22 23 24 25 |
---------------+----------------------------------------------------------------------------+-----
Fighting       | 3 4 5 6 9 8 10 11 12 13 14 16 17 19 25 | 25.0
Throwing       | 3 4 5 6 7 8 10 11 12 13 15 16 17 18 19 | 19.0
Dodging        | 2 3 4 0 |  0.0
Armour         | 2 3 4 5 8 9 10 11 12 13 14 16 17 19 25 | 25.9
Maces & Flails | 1 3 5 |  5.3
Stealth        | 2 |  2.9
Axes           | 7 8 10 11 15 18 19 | 19.7
Shields        | 4 10 11 12 13 14 15 | 15.0
Evocations     | 1 4 5 6 11 12 14 16 17 18 19 | 19.0
Short Blades   | |  2.0

Action                   |  1- 3 |  4- 6 |  7- 9 | 10-12 | 13-15 | 16-18 | 19-21 | 22-24 | 25-27 || total
-------------------------+-------+-------+-------+-------+-------+-------+-------+-------+-------++-------
Melee: Dagger            |    85 |   144 |       |       |     7 |       |       |       |       ||   236
       Headbutt          |     8 |    17 |    87 |   113 |   308 |   326 |   348 |   378 |   300 ||  1885
       Mace              |       |     7 |   352 |    14 |       |       |       |       |       ||   373
       Hand axe          |       |       |   143 |   597 |  1313 |   705 |       |       |       ||  2758
       Broad axe         |       |       |       |       |       |   649 |  1329 |  1108 |   837 ||  3923
Throw: Dart              |     9 |    11 |     4 |     1 |       |       |       |     4 |     8 ||    37
       Javelin           |       |     8 |    12 |    33 |    56 |     9 |    45 |   117 |   408 ||   688
       Boomerang         |       |       |     8 |    32 |   120 |   112 |   142 |    35 |       ||   449
Invok: Sacrifice Nimblen |       |       |     1 |       |       |       |       |       |       ||     1
       Sacrifice Experie |       |       |     1 |       |       |       |       |       |       ||     1
       Sacrifice Skill   |       |       |     1 |       |       |       |       |       |       ||     1
       Apocalypse        |       |       |       |     4 |     5 |    11 |     5 |    10 |     7 ||    42
       Sacrifice Arcana  |       |       |       |     1 |       |       |       |       |       ||     1
       Sacrifice Purity  |       |       |       |     1 |       |       |       |       |       ||     1
Evoke: Wand              |       |       |       |       |    13 |    71 |     2 |     4 |     6 ||    96
       Tin of tremorston |       |       |       |       |       |       |       |     1 |     2 ||     3
       Box of beasts     |       |       |       |       |       |       |       |       |     3 ||     3
  Use: Potion            |       |     4 |       |     1 |       |     6 |     2 |     1 |     8 ||    22
       Scroll            |       |       |    14 |    12 |    11 |    12 |     7 |     6 |    14 ||    76
 Stab: Sleeping          |     9 |       |       |       |       |       |       |       |       ||     9
       Invisible         |       |       |     2 |     6 |     8 |     8 |     1 |     2 |    11 ||    38
       Distracted        |       |       |     1 |     2 |    14 |    10 |    10 |     9 |     4 ||    50
       Paralysed         |       |       |       |     3 |    16 |    20 |     1 |    10 |    12 ||    62
  Eat: Chunk             |       |     2 |    12 |    19 |    18 |    17 |    25 |    19 |     8 ||   120
       Ration            |       |     1 |     1 |     2 |     3 |     6 |     2 |     5 |     8 ||    28
Armor: Robe              |    16 |       |       |       |       |       |       |       |       ||    16
       Scale mail        |       |    41 |     4 |       |       |       |       |       |       ||    45
       Skin              |       |     5 |       |       |       |       |       |       |       ||     5
       Crystal plate arm |       |       |   517 |   478 |   635 |   839 |   423 |   623 |   397 ||  3912
Dodge: Dodged            |    52 |    55 |    79 |    61 |   149 |   202 |   124 |   163 |   131 ||  1016
Block: Buckler           |       |       |       |    36 |       |       |       |       |       ||    36
       Kite shield       |       |       |       |     2 |   679 |   847 |   553 |   677 |   414 ||  3172

Action                   |  1- 3 |  4- 6 |  7- 9 | 10-12 | 13-15 | 16-18 | 19-21 | 22-24 | 25-27 || total
-------------------------+-------+-------+-------+-------+-------+-------+-------+-------+-------++-------
Melee: Dagger            |    85 |   144 |       |       |     7 |       |       |       |       ||   236
       Headbutt          |     8 |    17 |    87 |   113 |   308 |   326 |   348 |   378 |   300 ||  1885
       Mace              |       |     7 |   352 |    14 |       |       |       |       |       ||   373
       Hand axe          |       |       |   143 |   597 |  1313 |   705 |       |       |       ||  2758
       Broad axe         |       |       |       |       |       |   649 |  1329 |  1108 |   837 ||  3923
Throw: Dart              |     9 |    11 |     4 |     1 |       |       |       |     4 |     8 ||    37
       Javelin           |       |     8 |    12 |    33 |    56 |     9 |    45 |   117 |   408 ||   688
       Boomerang         |       |       |     8 |    32 |   120 |   112 |   142 |    35 |       ||   449
Invok: Sacrifice Nimblen |       |       |     1 |       |       |       |       |       |       ||     1
       Sacrifice Experie |       |       |     1 |       |       |       |       |       |       ||     1
       Sacrifice Skill   |       |       |     1 |       |       |       |       |       |       ||     1
       Apocalypse        |       |       |       |     4 |     5 |    11 |     5 |    10 |     7 ||    42
       Sacrifice Arcana  |       |       |       |     1 |       |       |       |       |       ||     1
       Sacrifice Purity  |       |       |       |     1 |       |       |       |       |       ||     1
Evoke: Wand              |       |       |       |       |    13 |    71 |     2 |     4 |     6 ||    96
       Tin of tremorston |       |       |       |       |       |       |       |     1 |     2 ||     3
       Box of beasts     |       |       |       |       |       |       |       |       |     3 ||     3
  Use: Potion            |       |     4 |       |     1 |       |     6 |     2 |     1 |     8 ||    22
       Scroll            |       |       |    14 |    12 |    11 |    12 |     7 |     6 |    14 ||    76
 Stab: Sleeping          |     9 |       |       |       |       |       |       |       |       ||     9
       Invisible         |       |       |     2 |     6 |     8 |     8 |     1 |     2 |    11 ||    38
       Distracted        |       |       |     1 |     2 |    14 |    10 |    10 |     9 |     4 ||    50
       Paralysed         |       |       |       |     3 |    16 |    20 |     1 |    10 |    12 ||    62
  Eat: Chunk             |       |     2 |    12 |    19 |    18 |    17 |    25 |    19 |     8 ||   120
       Ration            |       |     1 |     1 |     2 |     3 |     6 |     2 |     5 |     8 ||    28
Armor: Robe              |    16 |       |       |       |       |       |       |       |       ||    16
       Scale mail        |       |    41 |     4 |       |       |       |       |       |       ||    45
       Skin              |       |     5 |       |       |       |       |       |       |       ||     5
       Crystal plate arm |       |       |   517 |   478 |   635 |   839 |   423 |   623 |   397 ||  3912
Dodge: Dodged            |    52 |    55 |    79 |    61 |   149 |   202 |   124 |   163 |   131 ||  1016
Block: Buckler           |       |       |       |    36 |       |       |       |       |       ||    36
       Kite shield       |       |       |       |     2 |   679 |   847 |   553 |   677 |   414 ||  3172
